 Dungeon Crawl Stone Soup version 0.28.0-53-g5a82cb258f (webtiles) character file.

Game seed: 11190464215773994455

48 DildoBatman the Conjurer (level 4, -2/32 HPs)
             Began as a Formicid Conjurer on July 15, 2022.
             Slain by a phantom (6 damage)
             ... on level 4 of the Dungeon.
             The game lasted 00:02:56 (1432 turns).

DildoBatman the Conjurer (Formicid Conjurer)        Turns: 1432, Time: 00:02:57

Health: -2/32      AC:  3    Str: 12    XL:     4   Next: 0%
Magic:  8/8        EV: 12    Int: 17    God:
Gold:   19         SH:  0    Dex: 11    Spells: 5/8 levels left

rFire   . . .      SeeInvis +   g - +2 dagger (venom)
rCold   . . .      Faith    .   (no shield)
rNeg    . . .      Spirit   .   a - +0 robe
rPois   .          Reflect  .   (helmet unavailable)
rElec   .          Harm     .   (no cloak)
rCorr   .          Rampage  .   f - +0 pair of gloves
Will    .....                   (no boots)
Stlth   ++........              r - amulet of regeneration
HPRegen 0.90/turn               (no ring)
MPRegen 0.11/turn               (no ring)

@: no status effects
A: permanent stasis, dig shafts and tunnels, antennae 3, four strong arms
a: Dig, Shaft Self


You were on level 4 of the Dungeon.
You visited 1 branch of the dungeon, and saw 3 of its levels.

You collected 19 gold pieces.

Inventory:

Hand Weapons
 g - a +2 dagger of venom (weapon)
Armour
 a - a +0 robe (worn)
 f - a +0 pair of gloves (worn)
Magical Staves
 i - a staff of poison
Jewellery
 r - an amulet of regeneration (around neck)
Scrolls
 b - a scroll of teleportation {unknown}
 c - a scroll of amnesia {unknown}
 j - a scroll of acquirement {unknown}
 k - a scroll of summoning {unknown}
 l - a scroll of identify {unknown}
Potions
 d - 3 potions of haste {unknown}
 e - 2 potions of degeneration {unknown}
 h - a potion of brilliance {unknown}
 m - a potion of curing {unknown}
 n - a potion of cancellation {unknown}


   Skills:
 * Level 1.5 Fighting
 * Level 1.3 Armour
 - Level 2.0 Dodging
 - Level 2.4 Stealth
 * Level 2.6 Spellcasting
 * Level 3.9 Conjurations


You had 5 spell levels left.
You knew the following spells:

 Your Spells              Type           Power      Damage    Failure   Level
a - Searing Ray           Conj           30%        2d5       5%          2
c - Magic Dart            Conj           60%        1d6       3%          1

Your spell library contained the following spells:

 Spells                   Type           Power      Damage    Failure   Level
 Sting                    Tmut/Pois      8%         1d3       19%         1
 Dazzling Flash           Conj/Hex       16%        N/A       24%         3
 Poisonous Vapours        Pois/Air       4%         N/A       26%         2
 Fulminant Prism          Conj/Hex       4%         3d6       63%         4
 Iskenderun's Mystic Bla  Conj/Tloc      8%         2d4       63%         4
 Leda's Liquefaction      Hex/Erth       1%         N/A       87%         4
 Olgreb's Toxic Radiance  Pois           2%         N/A       87%         4
 Lee's Rapid Deconstruct  Erth           1%         3d5*      99%         5
 Statue Form              Tmut/Erth      1%         N/A       100%        6


Dungeon Overview and Level Annotations

Branches:
Dungeon (2/15)

Altars:
Sif Muna

Shops:
D:1 [   D:2 =


Innate Abilities, Weirdness & Mutations

You cannot be hasted, slowed, berserked, paralysed or teleported.
You can dig through walls and to a lower floor.
You have a pair of large antennae on your head. (SInv)
Your four strong arms can wield two-handed weapons with a shield.


Message History

You shout for attention!
The hobgoblin hits you but does no damage.
The phantom hits you. What are your orders? t - Shout!
Orders for allies: a - Attack new target. r - Retreat! s - Stop attacking. g - Guard the area. f - Follow me.
Anything else - Cancel.
You shout for attention!
The phantom hits you. The hobgoblin hits you. What are your orders? t - Shout!
Orders for allies: a - Attack new target. r - Retreat! s - Stop attacking. g - Guard the area. f - Follow me.
Anything else - Cancel.
You shout for attention!
The hobgoblin completely misses you. The phantom hits you.
What are your orders? t - Shout!
Orders for allies: a - Attack new target. r - Retreat! s - Stop attacking. g - Guard the area. f - Follow me.
Anything else - Cancel.
You shout for attention!
The phantom closely misses you. The hobgoblin hits you.
What are your orders? t - Shout!
Orders for allies: a - Attack new target. r - Retreat! s - Stop attacking. g - Guard the area. f - Follow me.
Anything else - Cancel.
You shout for attention!
The hobgoblin closely misses you. The phantom hits you.
You die... .. #.# ### .. ... ..... .#.# JJ#

##W#
Z#@.#
#g#.#
## .#
..
### {


You could see a phantom, 2 endoplasms and a hobgoblin.

Vanquished Creatures
  An adder (D:2)
  A worm (D:2)
  3 ball pythons
  4 bats
  5 endoplasms
  A giant cockroach (D:1)
  3 goblins
  2 hobgoblins
  2 jackals (D:2)
  4 kobolds
  A quokka (D:2)
  2 frilled lizards
  3 rats
32 creatures vanquished.

Notes
Turn   | Place    | Note
-------+----------+-------------------------------------------
     0 | D:1      | DildoBatman the Formicid Conjurer began the quest for the
                  | Orb.
     0 | D:1      | Reached XP level 1. HP: 13/13 MP: 3/3
   257 | D:1      | Found Zibuoz's Armour Boutique.
   264 | D:1      | Reached XP level 2. HP: 20/20 MP: 1/5
   267 | D:1      | Learned a level 2 spell: Searing Ray
   545 | D:1      | Found a faded altar of an unknown god.
   977 | D:2      | Found Dololl's Jewellery Shoppe.
   988 | D:2      | Reached skill level 1 in Fighting
   988 | D:2      | Reached skill level 1 in Armour
   991 | D:2      | Reached XP level 3. HP: 22/26 MP: 6/6
  1222 | D:2      | Found a shimmering blue altar of Sif Muna.
  1405 | D:2      | Reached XP level 4. HP: 29/32 MP: 8/8
  1408 | D:2      | You fall into a shaft and drop 2 floors!
  1414 | D:4      | Noticed a phantom
  1432 | D:4      | Slain by a phantom

Illustrated notes

Levels and vault maps discovered:
D:1:      dpeg_chamrin_arrival_tetris, layout_loops_ring, serial_shops,
          nicolae_shop_stone, shapermc_ecumenical_altar_mp_highgroup
D:2:      kennysheep_six_static_rooms, layout_basic, basic_altar, serial_shops,
          shop
D:4:      layout_loops_ring, serial_bayou_pond_c

Skill      XL: |  1  2 |
---------------+-------+-----
Dodging        | 2 |  2.0
Fighting       | 1 |  1.5
Armour         | 1 |  1.3
Stealth        | |  2.4
Spellcasting   | |  2.6
Conjurations   | |  3.9

Action                   |  1- 3 |  4- 6 || total
-------------------------+-------+-------++-------
Melee: Whip              |     3 |       ||     3
       Dagger            |    60 |       ||    60
 Cast: Magic Dart        |     9 |       ||     9
       Searing Ray       |     1 |       ||     1
 Abil: Shaft Self        |       |     1 ||     1
 Stab: Sleeping          |     4 |       ||     4
Armor: Robe              |    14 |     4 ||    18
Dodge: Dodged            |    29 |    14 ||    43
